 Dungeon Crawl Stone Soup version 0.32-a0-411-g744942f433 (webtiles) character file.

Game seed: 16057677744097687854

165 Xavori the Trooper (level 5, -3/40 HPs)
             Began as a Djinni Chaos Knight on Feb 20, 2024.
             Was a Plaything of Xom.
             Slain by a scorpion (10 damage)
             ... on level 3 of the Dungeon.
             The game lasted 00:02:29 (11764 turns).

Xavori the Trooper (Djinni Chaos Knight)           Turns: 11764, Time: 00:02:30

Health: -3/40      AC:  5    Str: 15    XL:     5   Next: 74%
Gold:   1317       EV: 12    Int: 13    God:    Xom [*.....] SH:  0 Dex: 13

rFire   + + +        a - +0 falchion (chaos)
rCold   x . .        (no shield)
rNeg    . . .        b - +2 leather armour
rPois   ∞            (no helmet)
rElec   .            (no cloak)
rCorr   .            (no gloves)
SInv    .            (boots unavailable)
Will    .....        (no amulet)
Stlth   +            (no ring)
HPRegen 0.26/turn    (no ring)
MPRegen 0.00/turn

%: infuse magic (-4 HP)
@: flying
A: sickness immunity, fire resistance 3, cold vulnerability 1, float, innate
caster, HP casting, extra vitality 1, inhibited regeneration, strong 1,
MP-powered wands
a: Renounce Religion


You were on level 3 of the Dungeon.
You worshipped Xom.
You were a special plaything of Xom.
You visited 1 branch of the dungeon, and saw 3 of its levels.

You collected 1317 gold pieces.

Inventory:

Hand Weapons
 a - a +0 falchion of chaos (weapon)
Armour
 b - a +2 leather armour (worn)
Jewellery
 f - a ring of protection from fire
Scrolls
 c - a scroll of butterflies
 d - 2 scrolls of brand weapon {unknown}
 g - 2 scrolls of fog {unknown}
 h - a scroll of enchant weapon {unknown}
 j - a scroll of noise {unknown}
 k - 2 scrolls of teleportation
 l - a scroll of amnesia {unknown}
 o - a scroll of identify {unknown}
Potions
 e - a potion of enlightenment {unknown}
 i - a potion of lignification {unknown}
 m - 3 potions of magic
 n - a potion of might {unknown}


   Skills:
 + Level 3.6 Fighting
 + Level 3.2 Long Blades
 + Level 2.1 Armour
 + Level 3.1 Dodging
 * Level 2.0 Spellcasting
 * Level 2.0 Conjurations
 * Level 2.0 Hexes
   Level 0.0 Charms
 * Level 2.0 Summonings
 * Level 2.0 Necromancy
 * Level 2.0 Translocations
   Level 0.0 Transmutations
 * Level 2.0 Fire Magic
 * Level 2.0 Ice Magic
 * Level 2.0 Air Magic
 * Level 2.0 Earth Magic
 * Level 2.0 Alchemy


You knew the following spells:

 Your Spells              Type           Power      Damage    Failure   Level
a - Sting                 Conj/Alch      24%        1d4       13%         1
b - Searing Ray           Conj           12%        2d4       21%         2
Your spell library was empty.

Dungeon Overview and Level Annotations

Branches:
Dungeon (3/15)

Altars:
Xom


Innate Abilities, Weirdness & Mutations

You are immune to sickness and miasma.
You are immune to poison.
Your flesh is almost immune to the effects of heat. (rF+++)
You are vulnerable to cold. (rC-)
You float through the air rather than walking.
You learn spells naturally, not from books.
Your magical power is your life essence.
You have superior vitality. (+4 MHP)
You do not regenerate when monsters are visible.
Your muscles are strong. (Str +4, Int/Dex -1)
You expend health (3 HP) to strengthen your wands.


Message History

You closely miss the scorpion.
The scorpion is moderately wounded.
You are now a special plaything of Xom.
The scorpion stings you but does no damage.
You hit the scorpion but do no damage.
The scorpion is moderately wounded.
The scorpion stings you.
You completely miss the scorpion.
The scorpion is moderately wounded.
The scorpion completely misses you. The scorpion misses you.
You hit the scorpion but do no damage.
The scorpion flies into a frenzy!
The scorpion is moderately wounded.
The scorpion completely misses you. The scorpion stings you.
You are too injured to fight recklessly!
You are too injured to fight recklessly!
You barely miss the scorpion.
The scorpion is moderately wounded.
The scorpion misses you.
The scorpion stings you but does no damage.
You barely miss the scorpion.
The scorpion is moderately wounded.
The scorpion stings you!
* * * LOW HITPOINT WARNING * * *
The scorpion barely misses you.
You closely miss the scorpion.
The scorpion is moderately wounded.
The scorpion stings you.
* * * LOW HITPOINT WARNING * * *
Unknown command.
You swap places.
The scorpion barely misses your kobold zombie.
Your kobold zombie hits the scorpion but does no damage.
The scorpion stings your kobold zombie. The scorpion stings your kobold zombie.
Your kobold zombie is destroyed!
You aren't carrying any items that you can evoke.
Unknown command.
It was a potion of magic.
Magic washes over you without effect. The scorpion stings you!
You die...

##''#####.### #.# # ..)....##.#
#.# # ........### #.# #
.........## #.# # ..........##
#.# ...........## ###.# #
....§.......## ##.#.# ##
#≈§≈§#......#.####....##########.
≈≈§§§§§.....#.'s@................
≈≈§§≈§§.....#.####.÷..########...
≈§§≈§≈......## ##.#..# #.##
≈≈§§§≈......# ####.# #.##
#§§≈≈#......# #.# #.#
..§§§.......# #.# #.#
...........## #.# #.#
..........## #.# #.# .........###
#.#


You could see a neutral scorpion (fast, strong, frenzied).

Vanquished Creatures
  A bombardier beetle (D:3)
  An adder (D:2)
  A ribbon worm (D:2)
  3 dart slugs (D:3)
  3 orcs (D:3)
  3 endoplasms
  4 giant cockroaches
  3 goblins
  5 hobgoblins
  13 jackals
  4 quokkas
  3 ball pythons
  3 bats
  A frilled lizard (D:2)
  9 kobolds
  2 rats (D:1)
59 creatures vanquished.

Vanquished Creatures (collateral kills)
  A kobold zombie (D:3)
  A rat (D:2)
2 creatures vanquished.

Vanquished Creatures (others)
  An endoplasm (D:2)
  A kobold zombie (D:1)
2 creatures vanquished.

Grand Total: 63 creatures vanquished

Notes
Turn   | Place    | Note
-------+----------+-------------------------------------------
     0 | D:1      | Xavori the Djinni Chaos Knight began the quest for the Orb.
     0 | D:1      | Reached XP level 1. HP: 20/20 MP: 0/0
    73 | D:1      | Reached XP level 2. HP: 15/25 MP: 0/0
   164 | D:1      | XOM: divination: magic mapping
   320 | D:1      | Reached XP level 3. HP: 30/30 MP: 0/0
   320 | D:1      | Learned a level 1 spell: Sting
   331 | D:1      | Reached skill level 1 in Spellcasting
   331 | D:1      | Reached skill level 1 in Conjurations
   331 | D:1      | Reached skill level 1 in Hexes
   331 | D:1      | Reached skill level 1 in Summonings
   331 | D:1      | Reached skill level 1 in Necromancy
   331 | D:1      | Reached skill level 1 in Translocations
   331 | D:1      | Reached skill level 1 in Fire Magic
   331 | D:1      | Reached skill level 1 in Ice Magic
   331 | D:1      | Reached skill level 1 in Air Magic
   331 | D:1      | Reached skill level 1 in Earth Magic
   331 | D:1      | Reached skill level 1 in Alchemy
   842 | D:2      | XOM: noise
   909 | D:1      | XOM: silly message
   958 | D:1      | XOM: silly message
   992 | D:1      | XOM: divination: detect items
  1080 | D:1      | XOM: noise
  1113 | D:1      | XOM: summons 2 hostile shadow creatures
  1496 | D:1      | XOM: give mutation
  1496 | D:1      | Gained mutation: You are resistant to electric shocks.
                  | (rElec) [Xom's mischief]
  1621 | D:1      | XOM: draining
  1853 | D:1      | XOM: silly message
  2680 | D:1      | XOM: give mutations
  2680 | D:1      | Gained mutation: You have a pair of small antennae on your
                  | head. [Xom's mischief]
  2680 | D:1      | Lost mutation: You are resistant to electric shocks.
                  | (rElec) [Xom's mischief]
  2680 | D:1      | Gained mutation: Your flesh is almost immune to the effects
                  | of heat. (rF+++) [Xom's mischief]
  2680 | D:1      | Gained mutation: You do not regenerate when monsters are
                  | visible. [Xom's mischief]
  2737 | D:1      | XOM is BORED!
  3344 | D:1      | XOM: god gift: plate armour {god gift}
  3460 | D:1      | XOM: scenery: create altars
  3685 | D:1      | Reached XP level 4. HP: 28/31 MP: 0/0
  4761 | D:1      | XOM: stat loss: -1 Int (13/14)
  4847 | D:1      | XOM is BORED!
  5381 | D:1      | XOM: cloud trail
  5455 | D:1      | XOM: scenery: summon butterflies
  5695 | D:1      | XOM is BORED!
  5750 | D:1      | XOM: scenery: summon butterflies
  5942 | D:1      | XOM: god gift: 613 gold pieces
  7761 | D:1      | XOM: noise
  8296 | D:1      | XOM is BORED!
  8461 | D:1      | XOM: silly message
  8597 | D:1      | XOM: give mutations
  8597 | D:1      | Gained mutation: You are partially covered in iridescent
                  | scales. (AC +2) [Xom's grace]
  8597 | D:1      | Gained mutation: Your muscles are strong. (Str +4, Int/Dex
                  | -1) [Xom's grace]
  9262 | D:1      | XOM: stat loss: -1 Dex (12/13)
  9648 | D:1      | XOM: summons 1 hostile demon
  9891 | D:1      | XOM: god gift: jade ring {god gift}
  9899 | D:1      | XOM: god gift: Xom's Precepts of the Wilderness {god gift}
 10175 | D:1      | XOM: god gift: book of Callings
 10209 | D:2      | XOM: summons 3 hostile demons
 10424 | D:2      | XOM: god gift: 576 gold pieces
 10946 | D:3      | Reached XP level 5. HP: 36/40 MP: 0/0
 10946 | D:3      | Learned a level 2 spell: Searing Ray
 10990 | D:3      | XOM: confuse monster(s)
 11006 | D:3      | XOM: cleaving
 11009 | D:3      | XOM: potion effect (attraction)
 11012 | D:3      | XOM: polymorph hound -> jackal
 11643 | D:3      | XOM: give mutations
 11643 | D:3      | Gained mutation: You expend health (3 HP) to strengthen
                  | your wands. [Xom's mischief]
 11643 | D:3      | Lost mutation: You have a pair of small antennae on your
                  | head. [Xom's mischief]
 11643 | D:3      | Lost mutation: You are partially covered in iridescent
                  | scales. (AC +2) [Xom's mischief]
 11764 | D:3      | Slain by a scorpion

Illustrated notes

Levels and vault maps discovered:
D:1:      minmay_arrival_arboretum_small, layout_basic
D:2:      layout_basic
D:3:      layout_loops_corners, kennysheep_big_empty_room

Skill      XL: |  1  2  3  4  5 |
---------------+----------------+-----
Spellcasting   | 1 2 |  2.0
Conjurations   | 1 2 |  2.0
Hexes          | 1 2 |  2.0
Summonings     | 1 2 |  2.0
Necromancy     | 1 2 |  2.0
Translocations | 1 2 |  2.0
Fire Magic     | 1 2 |  2.0
Ice Magic      | 1 2 |  2.0
Air Magic      | 1 2 |  2.0
Earth Magic    | 1 2 |  2.0
Alchemy        | 1 2 |  2.0
Long Blades    | 3 |  3.2
Armour         | 2 |  2.1
Dodging        | 3 |  3.1
Fighting       | |  3.6

Action                     |  1- 3 |  4- 6 || total
---------------------------+-------+-------++-------
  Melee: Falchion          |    91 |   148 ||   239
    Use: Scroll            |       |     1 ||     1
         Potion            |       |     1 ||     1
   Stab: Petrified         |     1 |       ||     1
         Confused          |       |     1 ||     1
 Armour: Leather armour    |    71 |    85 ||   156
  Dodge: Dodged            |    69 |   113 ||   182

Table legend: (Time is in decaauts)
 A = Elapsed time spent in this place.
 B = Non-inter-level travel time spent in this place.
 C = Inter-level travel time spent in this place.
 D = Time resting spent in this place.
 E = Time spent auto-exploring this place.
 F = Levels seen in this place.
 G = Mean time per level.
                   A        B        C        D        E       F      G
               +--------+--------+--------+--------+--------+-----+--------+
         Total |  11804 |  11753 |     51 |   9356 |   1851 |   3 | 3934.7 |
       Dungeon |  11804 |  11753 |     51 |   9356 |   1851 |   3 | 3934.7 |
               +--------+--------+--------+--------+--------+-----+--------+

Top non-repeatable levels by time:
     D:1: 9688 daAuts
     D:2: 1211 daAuts
     D:3: 904 daAuts
